 Dungeon Crawl Stone Soup version 0.25.1-2-g60ff931df9 (webtiles) character file.

Game seed: 2351153252945255250

117 H0rd4k the Insei (level 5, -3/33 HPs)
             Began as an Octopode Transmuter on Aug 4, 2020.
             Splashed by a jelly's acid (4 damage)
             ... on level 4 of the Dungeon.
             The game lasted 00:04:13 (1861 turns).

H0rd4k the Insei (Octopode Transmuter)              Turns: 1861, Time: 00:04:14

Health: -3/33      AC:  1    Str:  9    XL:     5   Next: 1%
Magic:  7/8        EV: 13    Int: 16    God:
Gold:   142        SH:  0    Dex:  9    Spells: 2/8 levels left

rFire    . . .     SeeInvis .     - Unarmed
rCold    . . .     Gourm    .   (no shield)
rNeg     . . .     Faith    .   (helmet restricted)
rPois    .         Spirit   .   (no amulet)
rElec    .         Reflect  .   f - -4 ring of dexterity (curse)
rCorr    .         Harm     .   (no ring)
MR       .....                  (no ring)
Stlth    +++.......             (no ring)
HPRegen  0.11/turn              (no ring)
MPRegen  0.11/turn              (no ring)
                                (no ring)
                                (no ring)

@: appendage, starving
A: almost no armour, stealthy swim, amphibious, 8 rings, constrict 8, tentacle
spike 3, camouflage 1, gelatinous body 1
a: End Transformation


You were on level 4 of the Dungeon.
You were starving.
One of your tentacles had a temporary spike.
You visited 1 branch of the dungeon, and saw 4 of its levels.

You collected 142 gold pieces.

Inventory:

Missiles
 a - 12 arrows
 n - 3 poisoned darts (quivered)
Jewellery
 f - a cursed -4 ring of dexterity (left tentacle)
Wands
 m - a wand of flame (9)
Scrolls
 e - 4 scrolls of identify
 g - a scroll of teleportation
 i - 3 scrolls of fog {unknown}
 l - a scroll of amnesia {unknown}
Potions
 b - 2 potions of flight
 d - a potion of magic {unknown}
 h - a potion of haste
 j - a potion of curing {unknown}
 k - a potion of cancellation {unknown}
Comestibles
 c - 5 rations


   Skills:
 + Level 1.1 Fighting
 + Level 2.6 Dodging
 + Level 1.9 Stealth
 + Level 4.2 Unarmed Combat
 * Level 2.4 Spellcasting
 * Level 2.6 Transmutations


You had 2 spell levels left.
You knew the following spells:

 Your Spells              Type           Power        Failure   Level  Hunger
a - Beastly Appendage     Tmut           ##....       7%          1    #......
b - Sticks to Snakes      Tmut           ##......     10%         2    ###....
c - Spider Form           Tmut/Pois      #.........   34%         3    ###....

Your spell library contained the following spells:

 Spells                   Type           Power        Failure   Level  Hunger
 Ice Form                 Ice/Tmut       #.......     75%         4    #####..
 Blade Hands              Tmut           ##........   88%         5    ######.


Dungeon Overview and Level Annotations

Branches:
Dungeon (4/15)
 Temple: D:4-7

Altars:
Hepliaklqana
Qazlal
Uskayaw


Innate Abilities, Weirdness & Mutations

You cannot wear most types of armour.
You are very stealthy in the water. (Stealth+)
You are amphibious.
You can wear up to eight rings at the same time.
You can use your tentacles to constrict eight enemies at once.
Your skin changes colour to match your surroundings (Stealth+).
Your rubbery body absorbs attacks. (AC +1, EV +1)
One of your tentacles bears a large vicious spike.


Message History

The jelly closely misses you.
The ooze hits the fungus. x3; The ooze hits you.
You tentacle-slap the ooze. You squeeze the ooze, but do no damage.
The ooze is heavily wounded.
The ooze quivers.
The jelly closely misses you.
The jelly hits the fungus.
The fungus is splashed with acid.
The acid corrodes the fungus!
The ooze hits the fungus. x3; The ooze misses you.
The ooze hits the fungus.
You barely miss the ooze.
You pierce the ooze.
You squeeze the ooze.
You kill the ooze!
You have reached level 5!
You feel agile. The jelly hits you.
You are splashed with acid!
* * * LOW HITPOINT WARNING * * *
The ooze hits the fungus. x2
You tentacle-slap the ooze.
The ooze is moderately wounded.
The jelly hits you.
* * * LOW HITPOINT WARNING * * *
You are splashed with acid.
You die...

##........##.###.......##..##...
#..##.#.....###.......##.. #...
##....##.....##...[...##. .....
##.....###...###....#### ....##
#.......#....# #....'..## #..###
##..#....#...# ########.# . ..
##.##..###.## ##.....)## #.
#####.##...###J####### # ##.
###....##@PJP.P.PJ ##. #..
#.#..##JPJ.....÷ #... ..
#....##JJ.....÷. #...##.
###..##÷J....... #.?...
##..##÷....P.P. #..#..
##...##÷P.P...P! ##.....
###....########### #......
#......# #.##... ###....#
#......


You could see 2 jellies and 5 oozes.

Vanquished Creatures
  A howler monkey (D:4)
  An adder (D:4)
  3 oozes (D:4)
  A dart slug (D:1)
  2 orcs
  2 bats (D:1)
  2 giant cockroaches (D:1)
  7 hobgoblins
  6 jackals (D:2)
  A quokka (D:4)
  5 frilled lizards
  A goblin (D:1)
  16 kobolds
  3 rats (D:1)
51 creatures vanquished.

Vanquished Creatures (others)
  7 toadstools (D:4)
7 creatures vanquished.

Grand Total: 58 creatures vanquished

Notes
Turn   | Place    | Note
-------+----------+-------------------------------------------
     0 | D:1      | H0rd4k the Octopode Transmuter began the quest for the Orb.
     0 | D:1      | Reached XP level 1. HP: 13/13 MP: 3/3
   128 | D:1      | Reached XP level 2. HP: 12/18 MP: 5/5
   548 | D:2      | Found a stormy altar of Qazlal.
   572 | D:2      | Reached XP level 3. HP: 23/23 MP: 6/6
   576 | D:2      | Learned a level 2 spell: Sticks to Snakes
   580 | D:2      | Learned a level 3 spell: Spider Form
   674 | D:2      | Found a hazy altar of Hepliaklqana.
   675 | D:2      | You fall into a shaft and drop 1 floor!
   777 | D:3      | Found a hide-covered altar of Uskayaw.
   783 | D:3      | Noticed a +0 hand axe
   784 | D:3      | Noticed a +0 dagger
   905 | D:3      | Noticed a big kobold
   941 | D:3      | Noticed a big kobold
  1028 | D:4      | Reached skill level 1 in Stealth
  1028 | D:4      | Reached skill level 4 in Unarmed Combat
  1028 | D:4      | Reached XP level 4. HP: 20/28 MP: 5/7
  1860 | D:4      | Reached XP level 5. HP: 11/33 MP: 6/8
  1861 | D:4      | HP: 1/33 [jelly (2)]
  1861 | D:4      | Splashed by a jelly's acid

Illustrated notes

Levels and vault maps discovered:
D:1:      minmay_arrival_diagonal_passages, layout_rooms
D:2:      layout_loops_ring, nicolae_overflow_crystal_walls, first_ration,
          st_stairs_9, grunt_qazlal_sundering
D:3:      cheibrodos_thug_alley, layout_loops_ring, dancing_weapons_uskayaw,
          kennysheep_generic_room_2
D:4:      cheibrodos_fertilizer, layout_cave_pools, kiku_gazebo_pond_becter,
          kennysheep_small_circle

Skill      XL: |  1  2  3 |
---------------+----------+-----
Stealth        | 1 |  1.9
Unarmed Combat | 4 |  4.2
Fighting       | |  1.1
Dodging        | |  2.6
Spellcasting   | |  2.4
Transmutations | |  2.6

Action                   |  1- 3 |  4- 6 || total
-------------------------+-------+-------++-------
Melee: Unarmed           |    78 |    46 ||   124
       Tentacles         |     9 |     7 ||    16
       Constrict         |    24 |     7 ||    31
       Punch             |     3 |     2 ||     5
       Kick              |     4 |     7 ||    11
 Cast: Beastly Appendage |     3 |     5 ||     8
  Use: Scroll            |     5 |       ||     5
 Stab: Sleeping          |     1 |     1 ||     2
  Eat: Chunk             |       |     1 ||     1
Armor: Skin              |     9 |     1 ||    10
Dodge: Dodged            |    45 |    43 ||    88
